| TOP OF THE 1ST |
|
Aberdeen Ironbirds batting - Pitching for Hudson Valley Renegades : RHP David Zupon
|
|
Pitching: RHP David Zupon
|
|
|
Batting: LHB Shane Free
|
0-0: Foul Ball, location: 2F 0-1: Ball 1-1: Called Strike 1-2: Hit by Pitch
|
|
Batting: RHB Mario Luna
|
0-0: Ball Shane Free steals 2nd base (no throw) 1-0: Called Strike 1-1: Ball 2-1: Ball Wild Pitch! Shane Free to third 3-1: Foul Ball, location: 2F 3-2: Foul Ball, location: 2F 3-2: Base on Balls
|
|
Batting: LHB David Best
|
0-0: Ball 1-0: Swinging Strike 1-1: Ball 2-1: Called Strike 2-2: Foul Ball, location: 2F 2-2: Foul Ball, location: 2F 2-2: Ball 3-2: Strikes out swinging
|
|
Batting: RHB Edwin Ramos
|
0-0: Foul Ball, location: 2F 0-1: Ball 1-1: Foul Ball, location: 2F 1-2: Ball 2-2: Strikes out swinging
|
|
Batting: LHB Jose Bethancourt
|
0-0: Called Strike 0-1: Ball 1-1: Ball 2-1: Ball Mario Luna steals 2nd base 3-1: Foul Ball, location: 2F 3-2: Strikes out looking
|
| Top of the 1st over - 0 runs, 0 hits, 0 errors, 2 left on base; Aberdeen 0 - Hudson Valley 0 |
| BOTTOM OF THE 1ST |
|
Hudson Valley Renegades batting - Pitching for Aberdeen Ironbirds : LHP Vinny Duarte
|
|
Pitching: LHP Vinny Duarte
|
|
|
Batting: RHB Jesse Haddad
|
0-0: Ball 1-0: Called Strike 1-1: Foul Ball, location: 2F 1-2: SINGLE (Line Drive, 3D, EV 96.9 MPH)
|
|
Batting: LHB Mark Marvin
|
0-0: Ball 1-0: Called Strike Jesse Haddad is caught stealing 2nd base 2-6 1-1: Ball 2-1: Foul Ball, location: 2F 2-2: Ball 3-2: Base on Balls
|
|
Batting: SHB Suljo Dokic
|
0-0: Called Strike 0-1: Ball 1-1: Ball 2-1: Ball 3-1: Base on Balls Mark Marvin to second
|
|
Batting: LHB Isaac Bamberg
|
0-0: Called Strike 0-1: Foul Ball, location: 2F 0-2: Hit by Pitch Mark Marvin to third Suljo Dokic to second
|
|
Batting: RHB Chris Glavin
|
0-0: Foul Ball, location: 2F 0-1: Called Strike 0-2: Strikes out swinging
|
|
Batting: LHB Dan Hunt
|
0-0: Foul Ball, location: 2F 0-1: Called Strike 0-2: Ball 1-2: SINGLE (Line Drive, 6D, EV 104.4 MPH) Mark Marvin scores Suljo Dokic to third Isaac Bamberg to second
|
|
Batting: RHB Khalil Walker
|
0-0: Ball 1-0: TRIPLE (Line Drive, 78XD, EV 111.9 MPH) Suljo Dokic scores Isaac Bamberg scores Dan Hunt scores
|
|
Batting: RHB Jose Bengochea
|
0-0: Fly out, F7 (Flyball, 7LS, EV 87.5 MPH)
|
| Bottom of the 1st over - 4 runs, 3 hits, 0 errors, 1 left on base; Aberdeen 0 - Hudson Valley 4 |
| TOP OF THE 2ND |
|
Aberdeen Ironbirds batting - Pitching for Hudson Valley Renegades : RHP David Zupon
|
|
Batting: RHB Hunter Neumann
|
0-0: Called Strike 0-1: Foul Ball, location: 2F 0-2: Foul Ball, location: 2F 0-2: Ball 1-2: Fly out, F6 (Line Drive, 6, EV 63.8 MPH)
|
|
Batting: RHB Lee Deason
|
0-0: Called Strike 0-1: Swinging Strike 0-2: Ball 1-2: Strikes out looking
|
|
Batting: LHB Rodolfo Montes
|
0-0: Ground out 6-3 (Groundball, 6, EV 80.6 MPH)
|
| Top of the 2nd over - 0 runs, 0 hits, 0 errors, 0 left on base; Aberdeen 0 - Hudson Valley 4 |
| BOTTOM OF THE 2ND |
|
Hudson Valley Renegades batting - Pitching for Aberdeen Ironbirds : LHP Vinny Duarte
|
|
Batting: SHB Josif Popovski
|
0-0: Foul Ball, location: 2F 0-1: Called Strike 0-2: Ball 1-2: Foul Ball, location: 2F 1-2: Ball 2-2: Foul Ball, location: 2F 2-2: Strikes out looking
|
|
Batting: RHB Jesse Haddad
|
0-0: Ball 1-0: Ball 2-0: Ball 3-0: Called Strike 3-1: Ground out 5-3 (Groundball, 56, EV 85.0 MPH)
|
|
Batting: LHB Mark Marvin
|
0-0: Ball 1-0: SINGLE (Groundball, 4MD, EV 98.8 MPH)
|
|
Batting: SHB Suljo Dokic
|
0-0: Called Strike 0-1: Ball 1-1: Ball 2-1: Fly out, F8 (Flyball, 8RD, EV 93.8 MPH)
|
| Bottom of the 2nd over - 0 runs, 1 hit, 0 errors, 1 left on base; Aberdeen 0 - Hudson Valley 4 |
| TOP OF THE 3RD |
|
Aberdeen Ironbirds batting - Pitching for Hudson Valley Renegades : RHP David Zupon
|
|
Batting: SHB Tyler Myatt
|
0-0: Ball 1-0: Foul Ball, location: 2F 1-1: Swinging Strike 1-2: Strikes out swinging
|
|
Batting: LHB Shane Free
|
0-0: Called Strike 0-1: Ball 1-1: Ball 2-1: Foul Ball, location: 2F 2-2: Ground out 3-1 (Groundball, 34, EV 90.0 MPH)
|
|
Batting: RHB Mario Luna
|
0-0: Called Strike 0-1: Ball 1-1: Ball 2-1: Swinging Strike 2-2: Foul Ball, location: 2F 2-2: Foul Ball, location: 2F 2-2: Foul Ball, location: 2F 2-2: Ball 3-2: Fly out, F3 (Line Drive, 3, EV 65.0 MPH)
|
| Top of the 3rd over - 0 runs, 0 hits, 0 errors, 0 left on base; Aberdeen 0 - Hudson Valley 4 |
| BOTTOM OF THE 3RD |
|
Hudson Valley Renegades batting - Pitching for Aberdeen Ironbirds : LHP Vinny Duarte
|
|
Batting: LHB Isaac Bamberg
|
0-0: Ball 1-0: Foul Ball, location: 2F 1-1: Ball 2-1: Foul Ball, location: 2F 2-2: Ball 3-2: Foul Ball, location: 2F 3-2: Fly out, F7 (Flyball, 7D, EV 87.5 MPH)
|
|
Batting: RHB Chris Glavin
|
0-0: Ball 1-0: Ball 2-0: Ball 3-0: Base on Balls
|
|
Batting: LHB Dan Hunt
|
0-0: Called Strike Chris Glavin is caught stealing 2nd base 2-6 0-1: Called Strike 0-2: Strikes out swinging
|
| Bottom of the 3rd over - 0 runs, 0 hits, 0 errors, 0 left on base; Aberdeen 0 - Hudson Valley 4 |
| TOP OF THE 4TH |
|
Aberdeen Ironbirds batting - Pitching for Hudson Valley Renegades : RHP David Zupon
|
|
Batting: LHB David Best
|
0-0: Ball 1-0: Ball 2-0: DOUBLE (Flyball, 8LXD, EV 110.6 MPH)
|
|
Batting: RHB Edwin Ramos
|
0-0: Ball 1-0: Called Strike 1-1: Foul Ball, location: 2F 1-2: Ball 2-2: Ball 3-2: Foul Ball, location: 2F 3-2: Strikes out looking
|
|
Batting: LHB Jose Bethancourt
|
0-0: Called Strike 0-1: Called Strike 0-2: Ball 1-2: Ball 2-2: Strikes out looking
|
|
Batting: RHB Hunter Neumann
|
0-0: Swinging Strike 0-1: Ball 1-1: Foul Ball, location: 2F 1-2: Ball 2-2: DOUBLE (Line Drive, 78XD, EV 101.2 MPH) David Best scores
|
|
Batting: RHB Lee Deason
|
0-0: Ball 1-0: Ball 2-0: Ball 3-0: Called Strike 3-1: 2-RUN HOME RUN (Line Drive, 89XD, EV 103.8 MPH), Distance : 417 ft
|
|
Batting: LHB Rodolfo Montes
|
0-0: Fly out, F7 (Flyball, 7LM, EV 91.9 MPH)
|
| Top of the 4th over - 3 runs, 3 hits, 0 errors, 0 left on base; Aberdeen 3 - Hudson Valley 4 |
| BOTTOM OF THE 4TH |
|
Hudson Valley Renegades batting - Pitching for Aberdeen Ironbirds : LHP Vinny Duarte
|
|
Batting: RHB Khalil Walker
|
0-0: Foul Ball, location: 2F 0-1: Ball 1-1: Fly out, F9 (Flyball, 9LM, EV 96.9 MPH)
|
|
Batting: RHB Jose Bengochea
|
0-0: Ground out 5-3 (Groundball, 5S, EV 83.1 MPH)
|
|
Batting: SHB Josif Popovski
|
0-0: Ball 1-0: Foul Ball, location: 2F 1-1: Fly out, F9 (Flyball, 9, EV 73.8 MPH)
|
| Bottom of the 4th over - 0 runs, 0 hits, 0 errors, 0 left on base; Aberdeen 3 - Hudson Valley 4 |
| TOP OF THE 5TH |
|
Aberdeen Ironbirds batting - Pitching for Hudson Valley Renegades : RHP David Zupon
|
|
Batting: SHB Tyler Myatt
|
0-0: Foul Ball, location: 2F 0-1: Ball 1-1: Ball 2-1: Foul Ball, location: 2F 2-2: Strikes out swinging
|
|
Pitching: RHP Carlos Najera
|
|
|
Batting: LHB Shane Free
|
0-0: Ball 1-0: Swinging Strike 1-1: Swinging Strike 1-2: Strikes out swinging
|
|
Batting: RHB Mario Luna
|
0-0: Called Strike 0-1: Foul Ball, location: 2F 0-2: Ball 1-2: Ball 2-2: DOUBLE (Line Drive, 5D, EV 95.6 MPH)
|
|
Batting: LHB David Best
|
0-0: Called Strike 0-1: Foul Ball, location: 2F 0-2: Reached on error, E4 (Groundball, 4, EV 84.4 MPH) Mario Luna to third
|
|
Batting: RHB Edwin Ramos
|
0-0: Foul Ball, location: 2F 0-1: Ball 1-1: Foul Ball, location: 2F 1-2: Strikes out swinging
|
| Top of the 5th over - 0 runs, 1 hit, 1 error, 2 left on base; Aberdeen 3 - Hudson Valley 4 |
| BOTTOM OF THE 5TH |
|
Hudson Valley Renegades batting - Pitching for Aberdeen Ironbirds : LHP Vinny Duarte
|
|
Batting: RHB Jesse Haddad
|
0-0: Foul Ball, location: 2F 0-1: Ball 1-1: Reached on error, E6 (Groundball, 6, EV 86.9 MPH)
|
|
Batting: LHB Mark Marvin
|
0-0: Called Strike 0-1: Ball 1-1: Ball 2-1: Ball 3-1: Foul Ball, location: 2F 3-2: SINGLE (Groundball, 4M, EV 105.6 MPH) (infield hit) Jesse Haddad to third
|
|
Batting: SHB Suljo Dokic
|
0-0: Called Strike Mark Marvin is caught stealing 2nd base 2-4 0-1: Ground out 5-3 (Groundball, 56S, EV 69.4 MPH) Jesse Haddad scores
|
|
Batting: LHB Isaac Bamberg
|
0-0: Fly out, F3 (Popup, 3L, EV 67.5 MPH)
|
| Bottom of the 5th over - 1 run, 1 hit, 1 error, 0 left on base; Aberdeen 3 - Hudson Valley 5 |
| TOP OF THE 6TH |
|
Aberdeen Ironbirds batting - Pitching for Hudson Valley Renegades : RHP Carlos Najera
|
|
Batting: LHB Jose Bethancourt
|
0-0: Ball 1-0: Swinging Strike 1-1: Foul Ball, location: 2F 1-2: Ball 2-2: Ball 3-2: Base on Balls
|
|
Batting: LHB Tim Mulholland
|
0-0: Ball 1-0: Ball 2-0: Swinging Strike 2-1: Ball 3-1: Foul Ball, location: 2F 3-2: Foul Ball, location: 2F 3-2: Base on Balls Jose Bethancourt to second
|
|
Batting: RHB Lee Deason
|
0-0: Ball 1-0: Ball 2-0: Swinging Strike 2-1: Fly out, F9 (Flyball, 89D, EV 83.1 MPH) Runner from 2nd tags up, SAFE at 3rd, no throw by RF
|
|
Batting: LHB Rodolfo Montes
|
0-0: Ball 1-0: Ball 2-0: Called Strike 2-1: Called Strike 2-2: Foul Ball, location: 2F 2-2: Foul Ball, location: 2F 2-2: Ground out 4-3 (Groundball, 4S, EV 87.5 MPH) Tim Mulholland to second
|
|
Batting: SHB Tyler Myatt
|
0-0: Foul Ball, location: 2F 0-1: Ball 1-1: Called Strike 1-2: Ball 2-2: Strikes out looking
|
| Top of the 6th over - 0 runs, 0 hits, 0 errors, 2 left on base; Aberdeen 3 - Hudson Valley 5 |
| BOTTOM OF THE 6TH |
|
Hudson Valley Renegades batting - Pitching for Aberdeen Ironbirds : LHP Vinny Duarte
|
|
Pitching: LHP Josh Binyon
|
|
|
Batting: RHB Chris Glavin
|
0-0: Swinging Strike 0-1: Foul Ball, location: 2F 0-2: Ball 1-2: Ball 2-2: Ball 3-2: Foul Ball, location: 2F 3-2: SINGLE (Groundball, 6S, EV 69.4 MPH) (infield hit)
|
|
Batting: LHB Dan Hunt
|
0-0: Ball 1-0: Swinging Strike 1-1: Swinging Strike 1-2: Ball 2-2: Fielders Choice at 2nd, 3-6 (Groundball, 34, EV 90.6 MPH)
|
|
Batting: RHB Khalil Walker
|
0-0: Called Strike 0-1: Ball 1-1: Ball 2-1: Foul Ball, location: 2F 2-2: Ball 3-2: Strikes out swinging
|
|
Batting: RHB Jose Bengochea
|
0-0: Ball 1-0: Called Strike 1-1: Called Strike 1-2: Strikes out swinging
|
| Bottom of the 6th over - 0 runs, 1 hit, 0 errors, 1 left on base; Aberdeen 3 - Hudson Valley 5 |
| TOP OF THE 7TH |
|
Aberdeen Ironbirds batting - Pitching for Hudson Valley Renegades : RHP Carlos Najera
|
|
Pitching: LHP Hugo Aquino
|
|
|
Batting: LHB Shane Free
|
0-0: Ball 1-0: Ball 2-0: Called Strike 2-1: Ball 3-1: Foul Ball, location: 2F 3-2: Foul Ball, location: 2F 3-2: Base on Balls
|
|
Pitching: RHP Yang Meng
|
|
|
Batting: RHB Mario Luna
|
0-0: Called Strike 0-1: Ball 1-1: Ball 2-1: Swinging Strike 2-2: Fly out, F4 (Line Drive, 4, EV 69.4 MPH)
|
|
Batting: LHB David Best
|
0-0: Ball Shane Free steals 2nd base (no throw) 1-0: Ball 2-0: Fly out, F4 (Flyball, 4D, EV 88.8 MPH)
|
|
Batting: RHB Edwin Ramos
|
0-0: Swinging Strike 0-1: Swinging Strike 0-2: Strikes out swinging
|
| Top of the 7th over - 0 runs, 0 hits, 0 errors, 1 left on base; Aberdeen 3 - Hudson Valley 5 |
| BOTTOM OF THE 7TH |
|
Hudson Valley Renegades batting - Pitching for Aberdeen Ironbirds : LHP Josh Binyon
|
|
Pitching: RHP Jon Juarez
|
|
|
Batting: SHB Josif Popovski
|
0-0: Ground out 5-3 (Groundball, 6S, EV 90.6 MPH)
|
|
Batting: RHB Jesse Haddad
|
0-0: Called Strike 0-1: Ball 1-1: Ball 2-1: Ground out 5-3 (Groundball, 56, EV 108.1 MPH)
|
|
Batting: LHB Mark Marvin
|
0-0: Ball 1-0: Foul Ball, location: 2F 1-1: Swinging Strike 1-2: Foul Ball, location: 2F 1-2: Ball 2-2: Strikes out looking
|
| Bottom of the 7th over - 0 runs, 0 hits, 0 errors, 0 left on base; Aberdeen 3 - Hudson Valley 5 |
| TOP OF THE 8TH |
|
Aberdeen Ironbirds batting - Pitching for Hudson Valley Renegades : RHP Yang Meng
|
|
Batting: LHB Jose Bethancourt
|
0-0: Swinging Strike 0-1: Foul Ball, location: 2F 0-2: Ball 1-2: Strikes out swinging
|
|
Batting: LHB Tim Mulholland
|
0-0: Ball 1-0: Ball 2-0: Ball 3-0: Called Strike 3-1: Called Strike 3-2: Foul Ball, location: 2F 3-2: Foul Ball, location: 2F 3-2: Foul Ball, location: 2F 3-2: Foul Ball, location: 2F 3-2: Foul Ball, location: 2F 3-2: Foul Ball, location: 2F 3-2: Base on Balls
|
|
Batting: RHB Lee Deason
|
0-0: Ball 1-0: Called Strike 1-1: Ball 2-1: Ball 3-1: Fielders Choice at 2nd, 1-6 (Groundball, 13S, EV 73.8 MPH)
|
|
Batting: LHB Rodolfo Montes
|
0-0: Ball 1-0: Foul Ball, location: 2F 1-1: Swinging Strike 1-2: Ball 2-2: Fly out, F1 (Popup, P, EV 74.4 MPH)
|
| Top of the 8th over - 0 runs, 0 hits, 0 errors, 1 left on base; Aberdeen 3 - Hudson Valley 5 |
| BOTTOM OF THE 8TH |
|
Hudson Valley Renegades batting - Pitching for Aberdeen Ironbirds : RHP Jon Juarez
|
|
Pitching: LHP Randy Adams
|
|
|
Batting: SHB Suljo Dokic
|
0-0: Swinging Strike 0-1: Ball 1-1: Fly out, F9 (Flyball, 9D, EV 93.8 MPH)
|
|
Batting: LHB Isaac Bamberg
|
0-0: Called Strike 0-1: Foul Ball, location: 2F 0-2: Strikes out swinging
|
|
Batting: RHB Chris Glavin
|
0-0: Ball 1-0: Ball 2-0: Swinging Strike 2-1: Ball 3-1: SINGLE (Line Drive, 56D, EV 98.8 MPH)
|
|
Batting: LHB Dan Hunt
|
0-0: Ball 1-0: Foul Ball, location: 2F 1-1: Ground out 2-3 (Groundball, 2R, EV 68.8 MPH)
|
| Bottom of the 8th over - 0 runs, 1 hit, 0 errors, 1 left on base; Aberdeen 3 - Hudson Valley 5 |
| TOP OF THE 9TH |
|
Aberdeen Ironbirds batting - Pitching for Hudson Valley Renegades : RHP Yang Meng
|
|
Pitching: RHP Josh McMahan
|
|
|
Batting: SHB Tyler Myatt
|
0-0: Ball 1-0: Ball 2-0: Ground out 4-3 (Groundball, 34, EV 78.8 MPH)
|
|
Batting: LHB Shane Free
|
0-0: Ball 1-0: Ground out 1-3 (Groundball, 15S, EV 66.9 MPH)
|
|
Batting: RHB Mario Luna
|
0-0: Swinging Strike 0-1: Ball 1-1: SINGLE (Groundball, 34D, EV 104.4 MPH)
|
|
Batting: LHB David Best
|
0-0: Called Strike 0-1: Ball 1-1: Foul Ball, location: 2F 1-2: Foul Ball, location: 2F 1-2: Ball 2-2: SINGLE (Line Drive, 78S, EV 100.6 MPH) Mario Luna to second
|
|
Batting: RHB Edwin Ramos
|
0-0: Foul Ball, location: 2F 0-1: Fly out, F9 (Flyball, 9, EV 91.2 MPH)
|
| Top of the 9th over - 0 runs, 2 hits, 0 errors, 2 left on base; Aberdeen 3 - Hudson Valley 5 |
|